 Dungeon Crawl Stone Soup version 0.28.0-53-g5a82cb258f (webtiles) character file.

Game seed: 18344172988042169840

80861 cbfl8 the Executioner (level 15, -10/143 HPs)
             Began as a Minotaur Berserker on July 29, 2022.
             Was a High Priest of Trog.
             Mangled by a boulder beetle (54 damage)
             ... on level 6 of the Lair of Beasts.
             The game lasted 01:02:02 (22070 turns).

cbfl8 the Executioner (Minotaur Berserker)         Turns: 22070, Time: 01:02:02

Health: -10/143    AC:  9    Str: 25    XL:     15   Next: 25%
Magic:  14/14      EV: 18    Int:  4    God:    Trog [*****.]
Gold:   1191       SH:  0    Dex: 17    Spells: 14/14 levels left

rFire   . . .      SeeInvis +   Q - +5 battleaxe (elec)
rCold   x . .      Faith    .   (shield currently unavailable)
rNeg    + . .      Spirit   .   J - +1 robe of Vines {NoPotionHeal Regen++++}
rPois   +          Reflect  .   n - +2 hat {Will+}
rElec   .          Harm     .   V - scarf {repulsion}
rCorr   +          Rampage  .   K - +0 pair of gloves
Will    ++...                   j - +0 pair of boots
Stlth   ++........              H - amulet of regeneration
HPRegen 4.33/turn               D - ring of see invisible
MPRegen 0.14/turn               P - ring of the Little Devil {rPois rC- rN+ rCorr Str+3}

@: lethally poisoned (-10 -> -10), repel missiles
A: horns 2, retaliatory headbutt
a: Renounce Religion, Berserk, Trog's Hand, Brothers in Arms


You were on level 6 of the Lair of Beasts.
You worshipped Trog.
Trog was extremely pleased with you.
You visited 2 branches of the dungeon, and saw 21 of its levels.
You visited the Abyss 1 time.
You also visited: Gauntlet.

You collected 1371 gold pieces.
You spent 180 gold pieces at shops.

Inventory:

Hand Weapons
 C - a +2 antimagic battleaxe
 Q - a +5 battleaxe of electrocution (weapon)
Armour
 j - a +0 pair of boots (worn)
 n - a +2 hat of willpower (worn)
 u - the +6 scale mail of Ledun {rF+ rN+ Dex+3 Slay+3}
   (You found it on level 4 of the Dungeon)

   Dex:       It affects your dexterity (+3).
   Slay:      It affects your accuracy & damage with ranged weapons and melee
   (+3).
   rF:        It protects you from fire.
   rN:        It protects you from negative energy.
 B - a +0 cloak
 J - the +1 robe of Vines (worn) {NoPotionHeal Regen++++}
   (You found it on level 2 of the Lair of Beasts)

   Its wearer cannot be healed by potions.
   Regen:     It increases your rate of health regeneration.
 K - a +0 pair of gloves (worn)
 V - a scarf of repulsion (worn)
Jewellery
 b - a ring of protection from cold
 d - a ring of fire
 g - a ring of flight
 D - a ring of see invisible (left hand)
 E - a +6 ring of strength
 H - an amulet of regeneration (around neck)
 N - a ring of protection from fire
 P - the ring of the Little Devil (right hand) {rPois rC- rN+ rCorr Str+3}
   (You found it on level 10 of the Dungeon)

   [ring of positive energy]

   Str:       It affects your strength (+3).
   rC:        It makes you vulnerable to cold.
   rPois:     It protects you from poison.
   rN:        It protects you from negative energy.
   rCorr:     It protects you from acid and corrosion.
 U - a ring of ice
Wands
 a - a wand of acid (1)
 i - a wand of paralysis (6)
 q - a wand of charming (14)
 r - a wand of flame (8) (quivered)
 I - a wand of digging (12)
Scrolls
 e - 5 scrolls of fog
 f - 3 scrolls of immolation
 h - 4 scrolls of enchant armour
 k - 6 scrolls of enchant weapon
 l - 2 scrolls of fear
 m - a scroll of acquirement {unknown}
 o - 7 scrolls of magic mapping
 w - 4 scrolls of silence
 X - 5 scrolls of teleportation
 Z - 5 scrolls of noise {unknown}
Potions
 s - 2 potions of berserk rage {unknown}
 t - 3 potions of might
 v - a potion of resistance {unknown}
 x - 5 potions of curing
 z - 2 potions of cancellation {unknown}
 A - 2 potions of magic {unknown}
 F - 6 potions of mutation
 L - a potion of brilliance {unknown}
 M - 2 potions of degeneration {unknown}
 O - 4 potions of attraction {unknown}
 R - 6 potions of heal wounds
 S - a potion of ambrosia {unknown}
 W - 4 potions of flight
Miscellaneous
 c - a piece from Xom's chessboard (15/15)
 p - a tin of tremorstones (2/2)
 G - a tin of tremorstones (2/2)
 T - a condenser vane
 Y - a piece from Xom's chessboard (15/15)


   Skills:
 * Level 15.8 Fighting
 * Level 21.1 Axes
 + Level 12.2 Armour
 * Level 11.0 Dodging
 + Level 2.6 Stealth
 * Level 7.7 Evocations


You had 14 spell levels left.
You didn't know any spells.
Your spell library was empty.

Dungeon Overview and Level Annotations

Branches:
Dungeon (15/15)            Temple (0/1) D:6            Lair (5/6) D:10
 Shoals (0/4) Lair:2       Spider (0/4) Lair:4          Orc (0/2) D:11
 Vaults (0/5) D:13         Depths (0/4) D:15        Gauntlet (visited)
  Slime: Lair:5-6

Altars:
Dithmenos
Kikubaaqudgha
Makhleb
Okawaru
Qazlal
Ru
Sif Muna
Vehumet
Wu Jian
Xom

Shops:
D:5 !   D:11 !

Portals:
Abyss: D:9
Trove: D:12 (give +8 demon trident)

Annotations:
D:8 2 transporters, cbfl8's ghost, novice MiBe
D:9 4 transporters, cbfl8's ghost, journeyman MiBe


Innate Abilities, Weirdness & Mutations

You have a pair of horns on your head.
You reflexively headbutt those who attack you in melee.


Message History

You feel very sick.
You hear an angry hiss. x2; You hear a bark!
A wyvern comes into view.
A water moccasin comes into view.
You feel sick.
The boulder beetle hits you but does no damage.
The boulder beetle stops rolling and uncurls.
A water moccasin comes into view.
Unknown command.
You slash the boulder beetle!
Lightning courses through the boulder beetle!
The boulder beetle is almost dead.
You feel sick.
The wyvern hisses menacingly.
The boulder beetle leaps!
Aiming: Throw Flame
Press: ? - help, Q - select action, (/) - cycle Shift-Dir - straight line, f/p - boulder beetle
Aim: a boulder beetle (almost dead, 100% to hit)
The puff of flame hits the boulder beetle but does no damage.
The boulder beetle is almost dead.
You feel sick.
A nearby plant withers and dies.
Aiming: Throw Flame
Press: ? - help, Q - select action, (/) - cycle Shift-Dir - straight line, f/p - boulder beetle
Aim: a boulder beetle (almost dead, 100% to hit)
The puff of flame hits the boulder beetle.
The boulder beetle is almost dead.
You feel sick.
The boulder beetle curls into a ball and begins rolling!
Aiming: Throw Flame
Press: ? - help, Q - select action, (/) - cycle Shift-Dir - straight line, f/p - boulder beetle
Aim: a boulder beetle (almost dead, rolling, 100% to hit)
The puff of flame hits the boulder beetle!
The boulder beetle is almost dead.
You feel sick.
The water moccasin completely misses you.
Unknown command.
You closely miss the wyvern. Your headbutt misses the wyvern.
You slice the water moccasin!!
You feel sick. The wyvern bites you. The water moccasin bites you.
The boulder beetle hits you!!!
You die...

...## ....## . #....#
.. #....##... .#
##.°P......
...########..○.......
............††BS......
..........[...l@S..#
........[.....######
..............##
.............##
.............#
............#...#
...........#.....#
..........#........
.#......####...#..


You could see a boulder beetle (rolling), 2 water moccasins and a wyvern.

Vanquished Creatures
  A reaper (Gauntlet)
  Nessos (Lair:4)
  A green draconian (Abyss:2)
  Azrael (D:12)
  An ettin (D:15)
  Fannar (D:11)
  8 hydras
  An ice dragon (D:11)
  Erolcha (D:11)
  8 boulder beetles
  6 centaur warriors
  A death knight (D:11)
  2 dancing weapons (D:13)
  2 two-headed ogres (D:10)
  3 death yaks (Lair:3)
  2 tengu warriors (D:14)
  Urug (Lair:4)
  Sonja (D:11)
  Nergalle (D:10)
  2 spatial maelstroms (Abyss:2)
  2 wretched stars
  4 deep trolls
  Pikel (D:6)
  A phantasmal warrior (D:11)
  4 wizards
  An orc knight (D:11)
  A necromancer (D:15)
  An oklob plant (Lair:2)
  The ghost of Agrostarius the Skirmisher, a novice HuFi (D:6)
  3 deep elf pyromancers
  An orc sorcerer (D:15)
  An ugly thing (D:12)
  2 manticores
  2 slime creatures (D:13)
  7 cyclopes
  Maurice (D:11)
  A black mamba (shapeshifter) (D:13)
  6 elephants (Lair:4)
  6 black mambas
  An orange demon (Abyss:2)
  A gargoyle (D:11)
  12 cane toads
  6 komodo dragons
  A rime drake (Lair:3)
  5 tengu conjurers
  A kobold demonologist (D:12)
  3 hellwings
  3 meliai (D:14)
  A troll (D:12)
  A polar bear (Lair:6)
  4 raiju
  6 hornets
  Prince Ribbit (D:6)
  34 blink frogs
  2 culicivoras (Lair:4)
  A jumping spider (shapeshifter) (D:14)
  Sigmund (D:6)
  6 shadows
  3 wyverns
  Eustachio (D:5)
  48 yaks
  4 fire elementals (D:12)
  Grum (D:11)
  9 vampire mosquitoes
  3 basilisks
  2 steam dragons
  A chaos spawn (Abyss:2)
  A spatial vortex (Abyss:2)
  Edmund (D:4)
  A warg (Lair:6)
  An acid dragon (D:12)
  2 large abominations (Abyss:2)
  8 water moccasins
  8 orc warriors
  2 hell hounds (D:12)
  A sky beast (D:8)
  An ice beast (D:6)
  2 black bears
  4 ogres
  23 wolves
  15 centaurs
  2 lemures (D:6)
  A kobold brigand (D:7)
  10 bullfrogs
  2 wyvern zombies (D:6)
  A gnoll sergeant (D:8)
  2 scorpions (D:5)
  3 water moccasin zombies (D:6)
  A water moccasin skeleton (D:7)
  6 killer bees (D:11)
  6 wights (D:8)
  A howler monkey (D:10)
  3 starcursed masses (D:11)
  10 centaur zombies
  2 bullfrog zombies (D:6)
  3 hounds
  A jelly (D:7)
  2 centaur skeletons
  A gnoll shaman (D:7)
  8 orc priests
  Crazy Yiuf (D:5)
  An iguana (D:5)
  3 small abominations (Abyss:2)
  9 orc wizards
  6 hell rats (Lair:5)
  5 yak simulacra (D:15)
  3 polar bear simulacra (D:15)
  A wolf simulacrum (D:15)
  4 killer bee zombies (D:6)
  A howler monkey zombie (D:8)
  9 gnolls
  6 adders
  A river rat (D:4)
  A shadow imp (D:5)
  4 white imps
  5 worms
  52 orcs
  8 ball pythons
  7 bats
  3 endoplasms
  6 giant cockroaches
  7 goblins
  6 hobgoblins
  2 jackals (D:1)
  2 quokkas (D:1)
  14 kobolds
  8 rats
  2 river rat simulacra (D:15)
565 creatures vanquished.

Vanquished Creatures (collateral kills)
  A shadow imp (Gauntlet)
1 creature vanquished.

Vanquished Creatures (others)
  A human (D:8)
  38 fungi
  59 plants
  2 withered plants (D:6)
100 creatures vanquished.

Grand Total: 666 creatures vanquished

Notes
Turn   | Place    | Note
-------+----------+-------------------------------------------
     0 | D:1      | cbfl8 the Minotaur Berserker began the quest for the Orb.
     0 | D:1      | Reached XP level 1. HP: 19/19 MP: 0/0
    88 | D:1      | Reached skill level 4 in Axes
   145 | D:1      | Reached XP level 2. HP: 27/27 MP: 1/1
   949 | D:2      | Reached XP level 3. HP: 30/33 MP: 2/2
   994 | D:2      | Reached ** piety under Trog
  1894 | D:3      | Reached XP level 4. HP: 37/41 MP: 3/3
  1902 | D:3      | Reached skill level 5 in Axes
  1977 | D:3      | Found a faded altar of an unknown god.
  2676 | D:3      | Reached XP level 5. HP: 45/47 MP: 4/4
  2799 | D:4      | Noticed Edmund
  2810 | D:4      | Identified the +6 scale mail of Ledun {rF+ rN+ Dex+3
                  | Slay+3}
  2815 | D:4      | Killed Edmund
  2816 | D:4      | Reached skill level 5 in Fighting
  2816 | D:4      | Reached skill level 6 in Axes
  2816 | D:4      | Reached skill level 1 in Stealth
  3072 | D:4      | Found a shimmering altar of Xom.
  3078 | D:4      | Reached XP level 6. HP: 56/56 MP: 5/5
  3320 | D:4      | Found a burning altar of Makhleb.
  3334 | D:4      | Found a sacrificial altar of Ru.
  3825 | D:4      | Reached *** piety under Trog
  4143 | D:5      | Entered Level 5 of the Dungeon
  4190 | D:5      | Found Ceuneg's Distillery.
  4195 | D:5      | Bought a potion of curing for 36 gold pieces
  4233 | D:5      | Noticed Eustachio
  4313 | D:6      | Reached skill level 7 in Axes
  4313 | D:6      | Reached XP level 7. HP: 42/61 MP: 6/6
  4624 | D:6      | Noticed Prince Ribbit
  4624 | D:6      | Noticed Pikel
  4638 | D:6      | Killed Prince Ribbit
  4639 | D:6      | Killed Pikel
  4640 | D:6      | Reached skill level 8 in Axes
  4640 | D:6      | Reached skill level 5 in Armour
  4640 | D:6      | Reached XP level 8. HP: 67/70 MP: 7/7
  4948 | D:6      | Reached skill level 9 in Axes
  4983 | D:6      | Found a staircase to the Ecumenical Temple.
  5000 | D:6      | Found a runed translucent door.
  5011 | D:6      | Noticed Agrostarius's ghost (novice HuFi)
  5335 | D:6      | Reached skill level 5 in Dodging
  5365 | D:6      | Noticed Sigmund
  5371 | D:6      | Killed Sigmund
  5372 | D:6      | Reached skill level 10 in Axes
  5372 | D:6      | Reached XP level 9. HP: 72/78 MP: 8/8
  5705 | D:6      | Killed Agrostarius's ghost
  5838 | D:5      | Found a runed translucent door.
  5839 | D:5      | Noticed Crazy Yiuf
  5960 | D:5      | Found a radiant altar of Vehumet.
  6361 | D:5      | Reached skill level 11 in Axes
  6514 | D:5      | Killed Crazy Yiuf
  6608 | D:5      | Killed Eustachio
  6999 | D:7      | Reached **** piety under Trog
  7027 | D:7      | Found an ornate altar of the Wu Jian Council.
  7184 | D:7      | Reached skill level 12 in Axes
  7226 | D:7      | Reached XP level 10. HP: 74/86 MP: 9/9
  7530 | D:8      | Found a transporter.
  7533 | D:8      | Found a transporter.
  7533 | D:8      | Noticed cbfl8's ghost (novice MiBe)
  7691 | D:8      | Reached skill level 1 in Evocations
  7786 | D:8      | Found an ancient bone altar of Kikubaaqudgha.
  8084 | D:9      | Found an iron altar of Okawaru.
  8085 | D:9      | Noticed a five-headed hydra
  8086 | D:9      | Noticed a centaur warrior
  8087 | D:9      | Noticed a centaur warrior
  8094 | D:9      | Found a shimmering blue altar of Sif Muna.
  8110 | D:9      | Paralysed by a hornet for 3 turns
  8115 | D:9      | Reached skill level 13 in Axes
  8120 | D:9      | Reached ***** piety under Trog
  8274 | D:9      | Found a transporter.
  8303 | D:9      | Found a transporter.
  8312 | D:9      | Found a transporter.
  8393 | D:9      | Noticed a white very ugly thing
  8443 | D:9      | Noticed a wizard
  8445 | D:9      | Noticed cbfl8's ghost (journeyman MiBe)
  8459 | D:9      | Found a one-way gate to the infinite horrors of the Abyss.
  8539 | D:9      | Found a transporter.
  8539 | D:9      | Noticed a rust devil
  8758 | D:10     | Entered Level 10 of the Dungeon
  8822 | D:10     | Found a staircase to the Lair.
  8871 | D:10     | Noticed a two-headed ogre
  8881 | D:10     | Killed a two-headed ogre
  9153 | D:10     | Reached skill level 14 in Axes
  9283 | D:10     | Noticed Nergalle
  9292 | D:10     | Noticed a spectral orc warlord
  9295 | D:10     | Killed Nergalle
  9296 | D:10     | Reached XP level 11. HP: 95/95 MP: 10/10
  9432 | D:10     | Found a shadowy altar of Dithmenos.
  9497 | D:10     | Identified the ring of the Little Devil {rPois rC- rN+
                  | rCorr Str+3}
  9554 | D:10     | Received a gift from Trog
  9653 | D:11     | Noticed a two-headed ogre
  9658 | D:11     | Noticed Erolcha
  9689 | D:10     | Killed a two-headed ogre
  9737 | D:11     | Cast into level 2 of the Abyss (Erolcha)
  9737 | Abyss:2  | Found a corrupted altar of Lugonu.
  9758 | Abyss:2  | Noticed a green draconian
  9766 | Abyss:2  | Killed a green draconian
  9789 | Abyss:2  | Found a bloodstained altar of Trog.
  9822 | Abyss:2  | Noticed a spatial maelstrom
  9838 | Abyss:2  | Killed a spatial maelstrom
  9900 | Abyss:2  | Found a corrupted altar of Lugonu.
  9913 | Abyss:2  | Noticed a wretched star
  9924 | Abyss:2  | Killed a wretched star
  9959 | Abyss:2  | Noticed a starcursed mass
  9959 | Abyss:2  | Noticed a wretched star
  9959 | Abyss:2  | Noticed a spatial maelstrom
  9977 | Abyss:2  | Killed a spatial maelstrom
  9979 | Abyss:2  | Paralysed by accursed screaming for 1 turns
  9981 | Abyss:2  | Noticed a starcursed mass
  9989 | D:11     | Escaped the Abyss
 10084 | D:11     | Noticed an orc knight
 10090 | D:11     | Killed an orc knight
 10090 | D:11     | Noticed a deep troll
 10092 | D:11     | Reached skill level 15 in Axes
 10093 | D:11     | Killed a deep troll
 10265 | D:11     | Noticed a centaur warrior
 10270 | D:11     | Killed a centaur warrior
 10270 | D:11     | Noticed an ice dragon
 10279 | D:11     | Killed an ice dragon
 10280 | D:11     | Noticed Sonja
 10283 | D:11     | Killed Sonja
 10322 | D:11     | Identified the +10 hand crossbow "Baarhoew" {elec, +Blink
                  | rPois rN+ Int-4}
 10409 | D:11     | Noticed Grum
 10432 | D:12     | Reached skill level 10 in Fighting
 10505 | D:12     | Noticed Azrael
 10511 | D:12     | Reached skill level 10 in Armour
 10516 | D:12     | Killed Azrael
 10517 | D:12     | Reached skill level 16 in Axes
 10574 | D:12     | Noticed a deep elf pyromancer
 10575 | D:12     | Noticed a centaur warrior
 10580 | D:12     | Reached XP level 12. HP: 102/106 MP: 11/11
 10582 | D:12     | Killed a centaur warrior
 10644 | D:12     | Noticed a centaur warrior
 10649 | D:12     | Killed a centaur warrior
 10726 | D:12     | Found a gate leading to a gauntlet.
 10741 | Gauntlet | Entered a Gauntlet
 10741 | Gauntlet | Found a transporter.
 10741 | Gauntlet | Found a transporter.
 10742 | Gauntlet | Found a transporter.
 10744 | Gauntlet | Found a transporter.
 10746 | Gauntlet | Found a transporter.
 10747 | Gauntlet | Found a transporter.
 10753 | Gauntlet | Found a transporter.
 10755 | Gauntlet | Found a transporter.
 10756 | Gauntlet | Found a transporter.
 10758 | Gauntlet | Found a transporter.
 10762 | Gauntlet | Noticed a reaper
 10766 | Gauntlet | Found a transporter.
 10766 | Gauntlet | Found a transporter.
 11275 | Gauntlet | Reached skill level 5 in Evocations
 11418 | Gauntlet | Killed a reaper
 11419 | Gauntlet | Reached skill level 17 in Axes
 11527 | Gauntlet | Identified the +7 shortbow of the Crawling Thing {flame,
                  | rPois rN+}
 11527 | Gauntlet | Noticed a minotaur
 11546 | Gauntlet | Identified the +7 short sword of Conformity {venom, rPois}
 11576 | D:11     | Noticed a boulder beetle
 11622 | D:11     | Noticed Maurice
 11641 | D:10     | Killed a boulder beetle
 11687 | D:11     | Killed Maurice
 11697 | D:11     | Found Pycal's Distillery.
 11705 | D:11     | Bought a potion of heal wounds for 90 gold pieces
 11730 | D:11     | Found a staircase to the Orcish Mines.
 11805 | D:11     | Killed Grum
 12102 | D:11     | Killed Erolcha
 12196 | D:11     | You fall into a shaft and drop 1 floor!
 12261 | D:12     | Found a portal to a secret trove of treasure.
 12304 | D:12     | Reached skill level 18 in Axes
 12517 | D:11     | Noticed Fannar
 12531 | D:11     | Killed Fannar
 12552 | D:11     | Noticed a death knight
 12552 | D:11     | Noticed a two-headed ogre
 12609 | D:11     | Killed a death knight
 12717 | D:11     | Reached XP level 13. HP: 108/117 MP: 12/12
 14088 | D:11     | Bought a potion of flight for 54 gold pieces
 14379 | D:10     | Found the +0 staff of Battle
 14906 | D:13     | Found a gate to the Vaults.
 14946 | D:13     | Identified the +0 robe "Wufuta" {-Tele rC+ rCorr Archmagi}
 15769 | D:14     | Reached skill level 19 in Axes
 16298 | D:14     | Found a shimmering blue altar of Sif Muna.
 17221 | D:15     | Entered Level 15 of the Dungeon
 17666 | D:15     | Noticed an ettin
 17669 | D:15     | Reached XP level 14. HP: 129/129 MP: 13/13
 17901 | D:15     | Found a staircase to the Depths.
 18314 | Lair:1   | Entered Level 1 of the Lair of Beasts
 18963 | Lair:2   | Reached skill level 20 in Axes
 19189 | Lair:2   | Found the +1 robe of Vines {NoPotionHeal Regen++++}
 19403 | Lair:2   | Received a gift from Trog
 19410 | Lair:2   | Reached skill level 10 in Dodging
 19520 | Lair:2   | Found a staircase to the Shoals.
 20713 | Lair:3   | Reached skill level 15 in Fighting
 20839 | Lair:4   | Noticed Nessos
 20853 | Lair:4   | Noticed Urug
 20965 | Lair:4   | Killed Urug
 20982 | Lair:4   | Found a stormy altar of Qazlal.
 21104 | Lair:4   | Found a hole to the Spider Nest.
 21191 | Lair:4   | Killed Nessos
 21224 | Lair:4   | Reached XP level 15. HP: 134/141 MP: 14/14
 21765 | Lair:5   | Reached skill level 21 in Axes
 21937 | Lair:5   | You fall into a shaft and drop 1 floor!
 21937 | Lair:6   | Entered Level 6 of the Lair of Beasts
 22070 | Lair:6   | Mangled by a boulder beetle

Illustrated notes

Levels and vault maps discovered:
D:1:      nicolae_arrival_memento_mori, layout_basic, minmay_hexomino_u4
D:2:      layout_rooms
D:3:      layout_basic, dreamdust_ecumenical_altar_statues, st_stairs_10,
          fountainhead, hangedman_decor_opposing
D:4:      layout_layer_cave, tgw_xom, overflow_temple_1_default,
          nicolae_ru_awakened_eye, portal_sewer_entry_b, uniq_edmund
D:5:      layout_gridville, vehumet_crystals, serial_shops, shop,
          uniq_eustachio, uniq_crazy_yiuf_cottage
D:6:      layout_gridville, minmay_temple_entry_junction_2,
          ebering_ghost_sewer_d, serial_undead, serial_undead_d,
          serial_undead_c, serial_undead_e, serial_undead_c, serial_undead_d,
          serial_undead_e, lightli_orcish_oven, uniq_pikel, uniq_prince_ribbit1,
          uniq_sigmund
D:7:      layout_loops_ring, mainiacjoe_overflow_chevrons,
          kennysheep_generic_room_10
D:8:      layout_rooms, tgw_kikubaaqudgha, gammafunk_ghost_arena,
          minmay_fractal_squares_5
D:9:      layout_cave_pools, gammafunk_temple_overflow_arena,
          gammafunk_ghost_abyssal_escape, serial_glass, glass_columns_a,
          glass_columns_c, glass_columns_a, glass_columns_b, st_stairs_4
D:10:     layout_long_grid, mainiacjoe_overflow_boulevard, lair_entry_dummy,
          special_room [special_room_orc], chequers_mini_garden,
          hellmonk_guarded_unrand_staff_of_battle, uniq_nergalle
D:11:     minmay_chopped_fan, layout_rooms, david_orc_3, serial_shops, shop,
          minivault_1, uniq_grum, uniq_erolcha, uniq_fannar, uniq_maurice,
          uniq_sonja
D:12:     layout_stronghold, nicolae_trove_entry_isolated,
          gauntlet_entry_generic, kennysheep_generic_room_15, uniq_azrael
D:13:     layout_roguey, erik_vaults_1, lemuel_flamethrower_3
D:14:     layout_grid_maze, nicolae_twisting_strands, st_stairs_1,
          nicolae_sif_muna_little_library
D:15:     hangedman_depths_entry_civil_slaughter, layout_cave_pools,
          eino_house_with_fridge
Lair:1:   layout_long_grid, grunt_megastairs_1
Lair:2:   layout_layer_cave, elwin_shoals_entry_rooms,
          hellmonk_guarded_unrand_vines, serial_bayou_shore_b
Lair:3:   layout_hall_layers
Lair:4:   statuecave_lemuel, layout_loops_ring,
          hellmonk_spider_entry_life_and_decay, basic_altar, uniq_urug,
          uniq_nessos
Lair:5:   layout_layer_cave
Lair:6:   hangedman_lair_tendril_chambers, layout_regular_city,
          hangedman_lair_caniforms_friends, minmay_slime_entry_oklob_open,
          st_stairs_8

Skill      XL: |  1  2  3  4  5  6  7  8  9 10 11 12 13 14 15 |
---------------+----------------------------------------------+-----
Axes           | 4 5 6 7 8 10 12 14 16 18 19 20 21 | 21.1
Fighting       | 4 5 6 7 8 10 11 13 15 | 15.8
Dodging        | 3 4 5 6 7 8 9 10 11 | 11.0
Stealth        | 1 2 |  2.6
Armour         | 3 5 7 9 10 11 12 | 12.2
Evocations     | 3 4 5 6 7 |  7.7

Action                   |  1- 3 |  4- 6 |  7- 9 | 10-12 | 13-15 || total
-------------------------+-------+-------+-------+-------+-------++-------
Melee: Hand axe          |    87 |   115 |   122 |       |       ||   324
       Headbutt          |     9 |    24 |    58 |   101 |   116 ||   308
       Punch             |       |     2 |       |     1 |       ||     3
       War axe           |       |       |    60 |   148 |       ||   208
       Battleaxe         |       |       |       |   293 |   544 ||   837
Invok: Berserk           |     1 |     3 |     2 |    20 |     6 ||    32
       Trog's Hand       |       |       |       |     4 |       ||     4
       Brothers in Arms  |       |       |       |     2 |       ||     2
Evoke: Wand              |       |       |       |       |    24 ||    24
  Use: Scroll            |       |       |       |    18 |     8 ||    26
       Potion            |       |       |       |     8 |     2 ||    10
 Stab: Sleeping          |     1 |       |       |       |     3 ||     4
       Distracted        |       |       |       |       |     2 ||     2
Armor: Animal skin       |    14 |     9 |       |       |       ||    23
       Ring mail         |       |     1 |       |       |       ||     1
       Scale mail        |       |    50 |    77 |   241 |   166 ||   534
       Robe              |       |       |       |       |    65 ||    65
Dodge: Dodged            |    57 |    60 |    94 |   326 |   433 ||   970
